 Dungeon Crawl Stone Soup version 0.27-a0-40-g5f2be0e231 (webtiles) character file.

Game seed: 18020685490382247904

19 pistachioham the Vexing (level 2, -3/16 HPs)
             Began as a Deep Elf Arcane Marksman on Jan 5, 2021.
             Slain by a scorpion (5 damage)
             ... on level 2 of the Dungeon.
             The game lasted 00:07:39 (1460 turns).

pistachioham the Vexing (Deep Elf Arcane Marksman)  Turns: 1460, Time: 00:07:39

Health: -3/16      AC:  2    Str:  7    XL:     2   Next: 55%
Magic:  4/6        EV: 13    Int: 17    God:
Gold:   119        SH:  0    Dex: 15    Spells: 3/4 levels left

rFire    . . .     SeeInvis .   a - +0 shortbow
rCold    . . .     Faith    .   (shield currently unavailable)
rNeg     . . .     Spirit   .   e - +0 robe
rPois    +         Reflect  .   (no helmet)
rElec    .         Harm     .   (no cloak)
rCorr    .         Rampage  .   (no gloves)
Will     .....                  (no boots)
Stlth    +.........             (no amulet)
HPRegen  0.05/turn              h - ring of poison resistance
MPRegen  0.10/turn              (no ring)

@: no status effects
A: no striking features
a: no special abilities


You were on level 2 of the Dungeon.
You visited 1 branch of the dungeon, and saw 2 of its levels.

You collected 119 gold pieces.

Inventory:

Hand Weapons
 a - a +0 shortbow (weapon)
 b - a +0 dagger
Missiles
 d - 22 arrows (quivered ammo)
Armour
 e - a +0 robe (worn)
Jewellery
 h - a ring of poison resistance (left hand)
Scrolls
 c - 2 scrolls of identify {unknown}
 g - a scroll of enchant armour {unknown}
 j - a scroll of amnesia {unknown}
 k - a scroll of enchant weapon {unknown}
Potions
 i - a potion of flight {unknown}


   Skills:
 + Level 1.1 Fighting
 * Level 3.6 Bows
 - Level 2.4 Dodging
 - Level 1.5 Spellcasting
 + Level 4.3 Hexes


You had 3 spell levels left.
You knew the following spells:

 Your Spells              Type           Power        Failure   Level
a - Corona                Hex            17%          3%          1

Your spell library contained the following spells:

 Spells                   Type           Power        Failure   Level
 Slow                     Hex            16%          4%          2
 Inner Flame              Hex/Fire       8%           26%         3
 Portal Projectile        Hex/Tloc       16%          26%         3
 Cause Fear               Hex            8%           32%         4
 Leda's Liquefaction      Hex/Erth       4%           63%         4


Dungeon Overview and Level Annotations

Branches:
Dungeon (2/15)

Altars:


Message History

Confirm with . or Enter, or press ? or * to list all spells.
Aiming: Corona (safe; 3% risk of failure)
Press: ? - help, Shift-Dir - straight line, f/p - scorpion
Aim: a scorpion (chance to affect: 53%)
The scorpion is outlined in light.
The scorpion stings you.
* * * LOW HITPOINT WARNING * * *
Fire: 24 arrows
Press: ? - help, Q - select action, (/) - cycle Shift-Dir - straight line, f/p - scorpion
Aim: a scorpion (softly glowing)
You shoot an arrow. The arrow hits the scorpion.
The scorpion is lightly wounded.
The scorpion misses you.
Unknown command.
Fire: 23 arrows
Press: ? - help, Q - select action, (/) - cycle Shift-Dir - straight line, f/p - scorpion
Aim: a scorpion (lightly wounded, softly glowing)
You shoot an arrow. The arrow hits the scorpion.
The scorpion is moderately wounded.
The scorpion stings you.
You die...

##... ..(. ....
#..# #..# ..# #(#
#s# #####@##
#......# #.###..#
### #.###..#
##.####......#
#............# .
##.####......##.#
#.# #.......#.
#.# #.##......


You could see a scorpion (corona).

Vanquished Creatures
  A leopard gecko (D:1)
  A bat (D:2)
  2 giant cockroaches
  2 goblins (D:1)
  3 hobgoblins
  3 kobolds
  A quokka (D:2)
  3 rats
16 creatures vanquished.

Notes
Turn   | Place    | Note
-------+----------+-------------------------------------------
     0 | D:1      | pistachioham the Deep Elf Arcane Marksman began the quest
                  | for the Orb.
     0 | D:1      | Reached XP level 1. HP: 11/11 MP: 5/5
   514 | D:1      | Reached skill level 1 in Fighting
   514 | D:1      | Reached XP level 2. HP: 12/16 MP: 4/6
  1446 | D:2      | Noticed a scorpion
  1460 | D:2      | Slain by a scorpion

Illustrated notes

Levels and vault maps discovered:
D:1:      roderic_dead_forest, layout_basic
D:2:      layout_loops_corners, uniq_crazy_yiuf_cottage

Skill      XL: |  1 |
---------------+----+-----
Bows           | 3 |  3.6
Fighting       | 1 |  1.1
Dodging        | |  2.4
Spellcasting   | |  1.5
Hexes          | |  4.3

Action                   || total
-------------------------++-------
Melee: Dagger            ||    48
 Fire: Shortbow          ||    34
 Cast: Corona            ||    21
  Use: Potion            ||     2
Armor: Robe              ||     9
Dodge: Dodged            ||    48

Table legend: (Time is in decaauts)
 A = Elapsed time spent in this place.
 B = Non-inter-level travel time spent in this place.
 C = Inter-level travel time spent in this place.
 D = Time resting spent in this place.
 E = Time spent auto-exploring this place.
 F = Levels seen in this place.
 G = Mean time per level.
                   A        B        C        D        E       F      G
               +--------+--------+--------+--------+--------+-----+--------+
         Total |   1458 |   1454 |      4 |    512 |    275 |   2 |  729.0 |
       Dungeon |   1458 |   1454 |      4 |    512 |    275 |   2 |  729.0 |
               +--------+--------+--------+--------+--------+-----+--------+

Top non-repeatable levels by time:
     D:1: 1176 daAuts
     D:2: 282 daAuts
